 Dungeon Crawl Stone Soup version 0.25-a0-253-g6f1b5d974a (webtiles) character file.

Game seed: 16860819341730518845, levelgen mode: classic

90 Borgoz the Skirmisher (level 4, 0/29 HPs)
             Began as a Kobold Fighter on Dec 5, 2019.
             Slain by Eustachio
             ... wielding a +1 rapier of protection
              (5 damage)
             ... on level 4 of the Dungeon.
             The game lasted 00:02:49 (1927 turns).

Borgoz the Skirmisher (Kobold Fighter)              Turns: 1927, Time: 00:02:50

Health: 0/29       AC:  9    Str: 19    XL:     4   Next: 85%
Magic:  4/4        EV:  9    Int:  9    God:
Gold:   112        SH:  9    Dex: 14    Spells: 3/3 levels left

rFire    . . .     SeeInvis .   a - +0 rapier
rCold    . . .     Gourm    .   c - +0 shield
rNeg     . . .     Faith    .   b - +0 scale mail
rPois    .         Spirit   .   (no helmet)
rElec    .         Reflect  .   s - +0 cloak
rCorr    .         Harm     .   l - +0 pair of gloves
MR       .....                  (no boots)
Stlth    ..........             (no amulet)
HPRegen  0.09/turn              (no ring)
MPRegen  0.09/turn              (no ring)

@: mighty, very slightly contaminated
A: small, carnivore
a: no special abilities


You were on level 4 of the Dungeon.
You were very full.

You visited 1 branch of the dungeon, and saw 4 of its levels.

You collected 112 gold pieces.

Inventory:

Hand Weapons
 a - a +0 rapier (weapon)
Armour
 b - a +0 scale mail (worn)
 c - a +0 shield (worn)
 l - a +0 pair of gloves (worn)
 s - a +0 cloak (worn)
Wands
 n - a wand of disintegration (5)
Scrolls
 g - a scroll of teleportation
 h - a scroll of remove curse
 i - a scroll of blinking
 k - 2 scrolls of magic mapping {unknown}
 m - a scroll of enchant weapon {unknown}
 o - a scroll of enchant armour {unknown}
Potions
 e - a potion of curing {unknown}
 p - a potion of brilliance
 q - a potion of cancellation {unknown}
 t - a potion of agility {unknown}
Comestibles
 f - 7 rations


   Skills:
 + Level 4.0 Fighting
 + Level 3.8 Short Blades
 + Level 3.0 Armour
 + Level 3.0 Shields


You had 3 spell levels left.
You didn't know any spells.
Your spell library was empty.

Dungeon Overview and Level Annotations

Branches:
Dungeon (4/15)
 Temple: D:4-7

Altars:
Dithmenos
Fedhas
Vehumet
Wu Jian
Xom
Yredelemnul

Annotations:
D:4 Eustachio, Sigmund


Innate Abilities, Weirdness & Mutations

You are small and have problems with some larger weapons.
You are carnivorous and can eat meat at any time.


Message History

The ooze closely misses you.
The white imp hits you but does no damage.
Eustachio barely misses you. The giant cockroach closely misses you.
Something hits you but does no damage.
You closely miss Eustachio.
Eustachio is moderately wounded.
The worker ant bites you but does no damage.
The ooze completely misses you.
The white imp hits you but does no damage.
The giant cockroach bites you but does no damage.
The worker ant barely misses you.
Eustachio mumbles some strange words.
You puncture Eustachio!
Eustachio is heavily wounded.
The ooze closely misses you. The giant cockroach barely misses you.
The white imp hits you but does no damage.
Something hits you but does no damage.
The worker ant bites you but does no damage.
Eustachio hits you with a +1 rapier of protection.
You die...

##......#
#..##.........
.##..#...#..#....#
........##..
##...#
........##.# ##...
...........####
...
............... #.
......aJ.......
.....bs@.......
.....r@5......#
......5{.....##
.....5.5.>..##
............#
.......#......
....... .......
.###### .......


You could see Eustachio, a worker ant, a crimson imp, an ooze, a river rat, 3
white imps, a giant cockroach and a bat.

Vanquished Creatures
  An orc priest (D:3)
  2 adders (D:3)
  An ooze (D:2)
  A worm (D:2)
  A dart slug (D:1)
  A leopard gecko (D:3)
  A bat (D:3)
  2 giant cockroaches
  3 goblins
  2 hobgoblins
  2 jackals (D:1)
  A kobold (D:2)
  2 quokkas
  2 ball pythons (D:3)
  5 frilled lizards
  8 rats
35 creatures vanquished.

Notes
Turn   | Place    | Note
-------+----------+-------------------------------------------
     0 | D:1      | Borgoz the Kobold Fighter began the quest for the Orb.
     0 | D:1      | Reached XP level 1. HP: 14/14 MP: 1/1
   179 | D:1      | Reached XP level 2. HP: 15/19 MP: 2/2
   284 | D:1      | Found a shimmering altar of Xom.
   286 | D:1      | Found a shadowy altar of Dithmenos.
   286 | D:1      | Found a basalt altar of Yredelemnul.
   288 | D:1      | Found a shadowy altar of Dithmenos.
   288 | D:1      | Found a blossoming altar of Fedhas.
   288 | D:1      | Found a radiant altar of Vehumet.
   831 | D:2      | Reached XP level 3. HP: 17/23 MP: 3/3
  1234 | D:3      | Found an ornate altar of the Wu Jian Council.
  1692 | D:3      | Reached XP level 4. HP: 26/29 MP: 4/4
  1899 | D:3      | Reached skill level 4 in Fighting
  1913 | D:4      | Noticed Sigmund
  1913 | D:4      | Noticed Eustachio
  1927 | D:4      | Slain by Eustachio

Levels and vault maps discovered:
D:1:      lemuel_arrival_funnel, layout_rooms, doesnt_xom_only_xom
D:2:      layout_basic, lemuel_flame_loot_1
D:3:      layout_loops_ring, lemuel_crystal_altar, first_ration,
          serial_bayou_ford_a
D:4:      layout_cave_pools, portal_sewer_entry_e, okawaru_trees_2,
          uniq_sigmund, uniq_pikel, uniq_eustachio

Skill      XL: |  1  2  3  4 |
---------------+-------------+-----
Short Blades   | 3 |  3.8
Fighting       | 4 |  4.0
Armour         | 3 |  3.0
Shields        | 3 |  3.0

Action                   |  1- 3 |  4- 6 || total
-------------------------+-------+-------++-------
Melee: Rapier            |   111 |    27 ||   138
  Use: Scroll            |       |     5 ||     5
       Potion            |       |     2 ||     2
  Eat: Chunk             |    10 |       ||    10
Armor: Scale mail        |    39 |    27 ||    66
Dodge: Dodged            |    21 |    17 ||    38
Block: Shield            |    52 |    13 ||    65

Table legend:
 A = Non-vault XP
 B = Vault XP
 C = Vault XP percentage of total XP
 D = Non-vault monster count
 E = Vault monster count
 F = Vault count percentage of total count
                 A         B        C        D         E       F
            +---------+---------+-------+---------+---------+-------
      Total |     129 |       0 |   0.0 |      35 |       0 |   0.0
            +---------+---------+-------+---------+---------+-------
        D:1 |      17 |       0 |   0.0 |       9 |       0 |   0.0
        D:2 |      26 |       0 |   0.0 |      11 |       0 |   0.0
        D:3 |      85 |       0 |   0.0 |      14 |       0 |   0.0
        D:4 |       1 |       0 |   0.0 |       1 |       0 |   0.0
            +---------+---------+-------+---------+---------+-------
